 Dungeon Crawl Stone Soup version 0.19-a0-1852-gc11d922 (console) character file.

130 Gottschkopf the Magician (level 4, -9/24 HPs)
             Began as a Deep Elf Earth Elementalist on Oct 11, 2016.
             Mangled by an orc
             ... wielding a +0 morningstar
              (13 damage)
             ... on level 2 of the Dungeon.
             The game lasted 00:07:39 (2792 turns).

Gottschkopf the Magician (DEEE)                     Turns: 2792, Time: 00:07:40

Health: -9/24      AC:  2    Str:  5    XL:     4   Next: 90%
Magic:  2/13       EV: 13    Int: 21    God:
Gold:   130        SH:  0    Dex: 15    Spells: 4 memorised, 4 levels left

rFire  . . .     SeeInvis .     a - +2 dagger (venom)
rCold  . . .     Gourm    .     c - +0 robe
rNeg   . . .     Faith    .     (no shield)
rPois  .         Spirit   .     (no helmet)
rElec  .         Dismiss  .     (no cloak)
rCorr  .         Reflect  .     (no gloves)
MR     .....     Harm     .     (no boots)
Stlth  ++........               (no amulet)
                                (no ring)
                                (no ring)

@: very slightly contaminated
A: no striking features
a: no special abilities


You were on level 2 of the Dungeon.
You were not hungry.

You visited 1 branch of the dungeon, and saw 3 of its levels.

You collected 130 gold pieces.

Inventory:

Hand Weapons
 a - a +2 dagger of venom (weapon)
Missiles
 b - 116 stones (quivered)
Armour
 c - a +0 robe (worn)
 h - a +0 buckler
Scrolls
 g - a scroll of fear {unknown}
 j - a scroll of remove curse {unknown}
 k - a scroll of teleportation {unknown}
 l - 2 scrolls of identify {unknown}
 m - a scroll of fog {unknown}
Potions
 i - a potion of curing {unknown}
 n - a potion of berserk rage {unknown}
Books
 e - a book of Geomancy

   Spells                             Type                      Level
   a - Sandblast                      Earth                        1
   b - Passwall                       Transmutation/Earth          2
   c - Stone Arrow                    Conjuration/Earth            3
   d - Petrify                        Transmutation/Earth          4
   e - Lee's Rapid Deconstruction     Earth                        5
Comestibles
 d - 2 bread rations
 f - a chunk of flesh


   Skills:
 - Level 2.4 Dodging
 - Level 2.4 Stealth
 + Level 2.1 Shields
 + Level 5.8 Spellcasting
 - Level 1.1 Transmutations
 - Level 3.2 Earth Magic


You had 4 spell levels left.
You knew the following spells:

 Your Spells              Type           Power        Failure   Level  Hunger
a - Sandblast             Erth           ###...       2%          1    None
b - Passwall              Tmut/Erth      ###.......   8%          2    None
c - Stone Arrow           Conj/Erth      ##....       17%         3    ##.....
d - Petrify               Tmut/Erth      ###.....     41%         4    ####...


Dungeon Overview and Level Annotations

Branches:
Dungeon (3/15)

Altars:


Message History

There is a stone staircase leading up here.
The orc misses you.
You climb upwards.
There is a stone staircase leading down here.
Really attack while wielding your 116 stones? [Y]es or [N]o only, please.
Really attack while wielding your 116 stones? [Y]es or [N]o only, please.
Really attack while wielding your 116 stones?
Okay, then.
Your +2 dagger of venom begins to drip with poison!
a - a +2 dagger of venom (weapon)
You barely miss the orc. The orc misses you.
You closely miss the orc. The orc hits you with a morningstar!
* * * LOW HITPOINT WARNING * * *
You hit the orc.
The orc is heavily wounded.
The orc hits you with a morningstar!
Ouch! That really hurt!
You die...

#..............#
#.############.# #.# #.#
########.############.###
#........................
#####............########.###
#..................# #.#
#..........#o###...######.###
#..........#@..+...+.........
#..........#####...######.###
#..........# #....# #.#
#..........# #....# #.###
#..........####....######.#..
#.........................#.#
#.............#....#.........
#>..........(.#....#.........
#...).........#....#.........


You could see an orc.

Vanquished Creatures
  Ijyb (D:2)
  2 adders (D:2)
  An ooze (D:2)
  A worm (D:2)
  2 dart slugs
  2 orcs (D:3)
  7 bats
  2 giant cockroaches (D:1)
  14 goblins
  11 hobgoblins
  6 jackals
  7 kobolds
  A ball python (D:2)
  4 frilled lizards
  8 rats
69 creatures vanquished.

Notes
Turn   | Place    | Note
-------+----------+-------------------------------------------
     0 | D:1      | Gottschkopf the Deep Elf Earth Elementalist began the quest for the Orb.
     0 | D:1      | Reached XP level 1. HP: 10/10 MP: 6/6
   335 | D:1      | Reached XP level 2. HP: 12/15 MP: 2/8
   339 | D:1      | Reached skill level 4 in Spellcasting
   398 | D:1      | Learned a level 2 spell: Passwall
   945 | D:1      | Reached XP level 3. HP: 19/19 MP: 11/11
   964 | D:1      | Learned a level 3 spell: Stone Arrow
  1245 | D:2      | Reached skill level 1 in Shields
  1767 | D:2      | Reached skill level 5 in Spellcasting
  1922 | D:2      | Noticed Ijyb
  1932 | D:2      | Killed Ijyb
  1932 | D:2      | Reached XP level 4. HP: 24/24 MP: 5/13
  1994 | D:2      | Learned a level 4 spell: Petrify
  2792 | D:2      | Mangled by an orc

Vault maps used:
D:1:      evilmike_arrival_fibonacci_small
D:2:      kennysheep_goblin_castle, minmay_door_square
D:3:      lemuel_blue_sif_altar, lemuel_doored_altar,
          kennysheep_generic_room_12, uniq_iyjb

Skill      XL: |  1  2  3  4 |
---------------+-------------+-----
Spellcasting   | 4 5 |  5.8
Shields        | 1 2 |  2.1
Dodging        | |  2.4
Stealth        | |  2.4
Transmutations | |  1.1
Earth Magic    | |  3.2

Action                   |  1- 3 |  4- 6 || total
-------------------------+-------+-------++-------
Melee: Unarmed           |     7 |       ||     7
       Dagger            |     8 |    22 ||    30
 Cast: Sandblast         |    79 |    34 ||   113
       Stone Arrow       |     2 |     2 ||     4
 Stab: Sleeping          |     1 |       ||     1
  Eat: Chunk             |     3 |     3 ||     6
Armor: Robe              |    13 |     7 ||    20
Dodge: Dodged            |    57 |    24 ||    81
